 Dungeon Crawl Stone Soup version 0.18.1-48-g4cf74bf (webtiles) character file.

1400 lauthentik the Covert (level 8, -6/54 HPs)
             Began as a Vampire Enchanter on Aug 26, 2016.
             Was a Follower of Kikubaaqudgha.
             Mangled by a yak (12 damage)
             ... on level 9 of the Dungeon.
             The game lasted 00:19:41 (4341 turns).

lauthentik the Covert (Vampire Enchanter)           Turns: 4341, Time: 00:19:42

Health: -6/54      AC:  5    Str:  7    XL:     8   Next: 41%
Magic:  0/14       EV: 14    Int: 19    God:    Kikubaaqudgha [*.....]
Gold:   315        SH:  0    Dex: 15    Spells: 4 memorised, 9 levels left

rFire  . . .     SeeInvis +     v - +0 short sword (venom)
rCold  + + .     Gourm    .     b - +1 robe
rNeg   + + +     Faith    +     (no shield)
rPois  ∞         Spirit   .     G - +0 helmet
rElec  .         Dismiss  .     O - +0 cloak
rCorr  .         Reflect  .     (no gloves)
SustAt .         Harm     .     (no boots)
MR     .....                    I - amulet of faith
Stlth  ++++++....               (no ring)
                                (no ring)

@: bloodless, non-regenerating, not resistant to hostile enchantments, very
stealthy
A: fangs 3, see invisible, unbreathing
a: Bat Form, Receive Corpses, Renounce Religion


You were on level 9 of the Dungeon.
You worshipped Kikubaaqudgha.
Kikubaaqudgha was aware of your devotion.
You were bloodless.

You visited 1 branch of the dungeon, and saw 8 of its levels.

You collected 414 gold pieces.
You spent 99 gold pieces at shops.

Inventory:

Hand Weapons
 a - a +1 dagger
 v - a +0 short sword of venom (weapon)
 J - a +0 dagger of chaos
 L - a +0 falchion of electrocution
 M - a +1 scimitar of protection
Missiles
 e - 19 poisoned needles
Armour
 b - a +1 robe (worn)
 f - a +1 leather armour of cold resistance
 j - a cursed +0 ring mail
 G - a +0 helmet (worn)
 O - a +0 cloak (worn)
Jewellery
 y - an uncursed amulet of regeneration
 I - an amulet of faith (around neck)
Wands
 p - a wand of iceblast (7/15)
 r - a wand of digging (6/24)
 w - a wand of random effects (16/48)
 B - a wand of disintegration (3/24)
 F - a wand of flame (27/48)
Scrolls
 g - 4 scrolls of remove curse {unknown}
 h - 10 scrolls of identify
 i - 9 scrolls of teleportation {unknown}
 k - a scroll of immolation {unknown}
 s - 2 scrolls of enchant armour {unknown}
 u - 2 scrolls of recharging {unknown}
 z - a scroll of fog {unknown}
 H - a scroll of magic mapping {unknown}
 K - 2 scrolls of noise {unknown}
Potions
 d - a potion of blood
 l - a potion of resistance {unknown}
 m - a potion of mutation {unknown}
 n - 2 potions of flight {unknown}
 o - 2 potions of curing {unknown}
 q - 3 potions of degeneration {unknown}
 x - 2 potions of lignification {unknown}
 C - a potion of ambrosia {unknown}
 D - a potion of magic {unknown}
 E - 2 potions of heal wounds {unknown}
 N - 2 potions of berserk rage {unknown}
Books
 c - a book of Maledictions

   Spells                             Type                      Level
   a - Corona                         Hexes                        1
   b - Ensorcelled Hibernation        Hexes/Ice                    2
   c - Confuse                        Hexes                        3
   d - Tukima's Dance                 Hexes                        3
   e - Dazzling Spray                 Conjuration/Hexes            3
 t - Kikubaaqudgha's Collected Works on Dark Arts
   (Kikubaaqudgha gifted it to you on level 3 of the Dungeon)

   Spells                             Type                      Level
   a - Animate Skeleton               Necromancy                   1
   b - Corpse Rot                     Necromancy                   2
   c - Sublimation of Blood           Necromancy                   2
   d - Vampiric Draining              Necromancy                   3
   e - Control Undead                 Necromancy                   4
 A - a book of Flames

   Spells                             Type                      Level
   a - Flame Tongue                   Conjuration/Fire             1
   b - Throw Flame                    Conjuration/Fire             2
   c - Conjure Flame                  Conjuration/Fire             3
   d - Inner Flame                    Hexes/Fire                   3
   e - Sticky Flame                   Conjuration/Fire             4
   f - Fireball                       Conjuration/Fire             5


   Skills:
 + Level 1.2 Fighting
 + Level 2.5 Short Blades
 + Level 4.1 Dodging
 + Level 10.6 Stealth
 + Level 4.5 Spellcasting
 + Level 7.6 Hexes
 + Level 0.4 Necromancy
 + Level 2.6 Ice Magic


You had 9 spell levels left.
You knew the following spells:

 Your Spells              Type           Power        Failure   Level  Hunger
a - Ensorcelled Hibernat  Hex/Ice        ###...       2%          2    #......
b - Corona                Hex            ####...      1%          1    None
c - Confuse               Hex            ####....     1%          3    ###....
d - Animate Skeleton      Necr           N/A          12%         1    None


Dungeon Overview and Level Annotations

Branches:
Dungeon (7/15)             Temple (0/1) D:6

Altars:
Cheibriados
Elyvilon
Kikubaaqudgha
Makhleb
Nemelex Xobeh
Pakellas
Ru
Sif Muna
Xom
Zin
The Shining One

Shops:
D:5 [

Annotations:
D:6 1 runed door


Innate Abilities, Weirdness & Mutations

You do not heal naturally.
You are immune to poison.
You have razor-sharp teeth.
You have supernaturally acute eyesight.
You can survive without breathing.


Message History

You see here 2 arrows.
You closely miss the yak.
The yak is almost dead.
The yak gores you!
Casting: Ensorcelled Hibernation
Confirm with . or Enter, or press ? or * to list all spells.
You don't have enough magic to cast that spell.
The yak gores you.
You hit the yak.
The yak is poisoned.
The yak is almost dead.
The yak gores you!
* * * LOW HITPOINT WARNING * * *
Casting: Ensorcelled Hibernation
Confirm with . or Enter, or press ? or * to list all spells.
Aiming: Ensorcelled Hibernation
Press: ? - help, Shift-Dir - straight line, f - centaur, p - yak
Aim: a centaur, wielding a shortbow (chance to defeat MR: 52%)
The centaur looks drowsy...
The yak gores you!
You die...
Kikubaaqudgha rasps: "You have failed me!
Welcome... oblivion!"

#...........
###..Y.o.
##............#
...YY.
#.............# ....o
##.............#
.....
#..............# ....
#..............#
.......
#..............#
.....?.
#..............#
.......
##............@#
....?..
##..........cY##
......#
##............##
##.....#
###..........(###†..#
####...#.....(..#
#####......†#####..
##.............
##............#
#..............


You could see a yak and a centaur (sleeping).

Vanquished Creatures
  Sigmund (D:2)
  2 yaks (D:9)
  2 ice beasts
  An ogre (D:4)
  2 scorpions
  3 crimson imps
  2 hounds (D:6)
  2 jellies (D:6)
  A giant frog skeleton (D:6)
  Jessica (D:3)
  A centaur skeleton (D:5)
  An iguana (D:5)
  Ijyb (D:3)
  3 worker ants
  A killer bee zombie (D:7)
  A hound skeleton (D:5)
  A howler monkey zombie (D:6)
  A gnoll (D:1)
  3 adders
  A shadow imp (D:5)
  An adder skeleton (D:4)
  2 worms (D:3)
  4 dart slugs
  3 giant geckos (D:3)
  12 orcs
  4 giant cockroaches
  4 goblins
  3 hobgoblins
  4 jackals (D:4)
  11 kobolds
  2 quokkas
  2 ball pythons (D:1)
  10 bats
  5 giant newts
  6 rats
104 creatures vanquished.

Notes
Turn   | Place    | Note
--------------------------------------------------------------
     0 | D:1      | lauthentik the Vampire Enchanter began the quest for the Orb.
     0 | D:1      | Reached XP level 1. HP: 13/13 MP: 3/3
   101 | D:1      | Reached XP level 2. HP: 11/19 MP: 3/5
   118 | D:1      | Learned a level 2 spell: Ensorcelled Hibernation
   393 | D:1      | Reached skill level 5 in Hexes
   480 | D:1      | Reached skill level 5 in Stealth
   480 | D:1      | Reached XP level 3. HP: 15/24 MP: 1/6
   841 | D:2      | Found a snail-covered altar of Cheibriados.
   871 | D:2      | Learned a level 3 spell: Confuse
   952 | D:2      | Found an ancient bone altar of Kikubaaqudgha.
   960 | D:2      | Became a worshipper of Kikubaaqudgha
   965 | D:2      | Noticed Sigmund
  1404 | D:2      | Killed Sigmund
  1404 | D:2      | Reached skill level 6 in Stealth
  1404 | D:2      | Reached skill level 1 in Ice Magic
  1404 | D:2      | Reached XP level 4. HP: 31/31 MP: 0/8
  1404 | D:2      | Reached XP level 5. HP: 36/36 MP: 0/9
  1703 | D:3      | Noticed Jessica
  1710 | D:3      | Killed Jessica
  1710 | D:3      | Reached skill level 7 in Stealth
  1774 | D:3      | Reached * piety under Kikubaaqudgha
  1774 | D:3      | Received a gift from Kikubaaqudgha
  1775 | D:3      | Identified Kikubaaqudgha's Collected Works on Dark Arts (Kikubaaqudgha gifted it to you on level 3 of the Dungeon)
  1788 | D:3      | Learned a level 1 spell: Animate Skeleton
  1824 | D:3      | Noticed Ijyb
  1839 | D:3      | Killed Ijyb
  1839 | D:3      | Reached XP level 6. HP: 42/42 MP: 7/10
  2482 | D:4      | Found a sparkling altar of Nemelex Xobeh.
  2851 | D:4      | Found a glowing golden altar of the Shining One.
  2851 | D:4      | Found a white marble altar of Elyvilon.
  2851 | D:4      | Found a glowing silver altar of Zin.
  2888 | D:5      | Entered Level 5 of the Dungeon
  3041 | D:5      | Reached skill level 8 in Stealth
  3113 | D:5      | Found a deep blue altar of Sif Muna.
  3113 | D:5      | Found a sacrificial altar of Ru.
  3191 | D:5      | Found Jifaris's Antique Armour Boutique.
  3202 | D:5      | Bought a helmet for 99 gold pieces
  3248 | D:5      | Reached XP level 7. HP: 45/47 MP: 2/12
  3308 | D:5      | Found an oddly glowing altar of Pakellas.
  3332 | D:5      | Found a burning altar of Makhleb.
  3333 | D:5      | Found a shimmering altar of Xom.
  3618 | D:6      | Found a glowing golden altar of the Shining One.
  3618 | D:6      | Noticed an angel
  3619 | D:6      | Found a runed door.
  3761 | D:6      | Reached skill level 9 in Stealth
  3922 | D:6      | Found a staircase to the Ecumenical Temple.
  3996 | D:6      | Reached skill level 1 in Fighting
  4161 | D:7      | You fall through a shaft for 2 floors!
  4161 | D:9      | Noticed a yak
  4161 | D:9      | Noticed a yak
  4161 | D:9      | Noticed a yak
  4185 | D:9      | Reached XP level 8. HP: 35/54 MP: 10/14
  4329 | D:9      | Reached skill level 10 in Stealth
  4341 | D:9      | Mangled by a yak

Skill      XL: |  1  2  3  4  5  6  7  8 |
---------------+-------------------------+-----
Hexes          | 5 6 7 |  7.6
Stealth        | 5 6 7 8 9 10 | 10.6
Ice Magic      | 1 2 |  2.6
Spellcasting   | 3 4 |  4.5
Short Blades   | 2 |  2.5
Dodging        | 3 4 |  4.1
Fighting       | 1 |  1.2
Necromancy     | |  0.4

Action                   |  1- 3 |  4- 6 |  7- 9 || total
-------------------------+-------+-------+-------++-------
Melee: Dagger            |    77 |    34 |       ||   111
       Bite              |     4 |     5 |     6 ||    15
       Short sword       |       |    63 |    67 ||   130
 Cast: Corona            |     7 |       |       ||     7
       Ensorcelled Hiber |    21 |    31 |    16 ||    68
       Confuse           |     3 |     5 |     4 ||    12
       Animate Skeleton  |       |     8 |     1 ||     9
  Use: Potion            |     1 |       |       ||     1
       Scroll            |       |       |     1 ||     1
 Stab: Sleeping          |    22 |    37 |    16 ||    75
       Confused          |       |     2 |     4 ||     6
Armor: Robe              |    16 |    17 |    13 ||    46
Dodge: Dodged            |    49 |    57 |    35 ||   141
